 Dungeon Crawl Stone Soup version 0.24.0-13-gcf9b319 (webtiles) character file.

Game seed: 8875177492300093701, levelgen mode: deterministic

180 tevo3000 the Cudgeler (level 5, 0/48 HPs)
             Began as a Gargoyle Fighter on Dec 7, 2019.
             Killed from afar by an orc wizard (4 damage)
             ... with a magic dart
             ... on level 3 of the Dungeon.
             The game lasted 00:06:03 (1653 turns).

tevo3000 the Cudgeler (Gargoyle Fighter)            Turns: 1653, Time: 00:06:04

Health: 0/48       AC: 26    Str: 19 (21) XL:     5   Next: 60%
Magic:  5/5        EV:  2    Int: 12 (13) God:
Gold:   102        SH:  8    Dex:  8 (9)  Spells: 4/4 levels left

rFire    . . .     SeeInvis .   a - +0 flail
rCold    . . .     Gourm    .   c - +0 shield
rNeg     + + +     Faith    .   (armour currently unavailable)
rPois    ∞         Spirit   .   (helmet currently unavailable)
rElec    .         Reflect  .   (cloak currently unavailable)
rCorr    .         Harm     .   (gloves currently unavailable)
MR       .....     NoTele   +   (boots currently unavailable)
Stlth    +.........             (no amulet)
HPRegen  0.16/turn              o - +4 ring of protection
MPRegen  0.09/turn              (no ring)

@: brilliant, tree-form
A: high mp 1, negative energy resistance 1, petrification resistance, no potion
heal 1, rot immunity, AC +4
a: no special abilities


You were on level 3 of the Dungeon.
You were not hungry.
You were a tree.
You visited 1 branch of the dungeon, and saw 3 of its levels.

You collected 102 gold pieces.

Inventory:

Hand Weapons
 a - a +0 flail (weapon)
Armour
 b - a +0 scale mail (melded)
 c - a +0 shield (worn)
 j - a +0 pair of gloves (melded)
 p - a +0 pair of boots (melded)
Jewellery
 o - a +4 ring of protection (left branch)
Scrolls
 e - 8 scrolls of teleportation {unknown}
 g - a scroll of remove curse {unknown}
 h - 3 scrolls of fog {unknown}
 i - 6 scrolls of identify {unknown}
 l - a scroll of immolation {unknown}
 n - a scroll of amnesia {unknown}
 r - a scroll of enchant weapon {unknown}
 t - a scroll of enchant armour {unknown}
Potions
 d - a potion of might
 m - a potion of degeneration
Comestibles
 f - 6 rations


   Skills:
 - Level 3.2 Fighting
 * Level 4.7 Maces & Flails
 + Level 4.6 Armour
 - Level 3.2 Shields


You had 4 spell levels left.
You didn't know any spells.
Your spell library was empty.

Dungeon Overview and Level Annotations

Branches:
Dungeon (3/15)

Altars:
Sif Muna


Innate Abilities, Weirdness & Mutations

You are resistant to torment.
((Your stone body is resilient. (AC +4)))
You are immune to poison.
You resist negative energy. (rN+)
((You are resistant to electric shocks. (rElec)))
((You can survive without breathing.))
You are immune to petrification.
You are immune to rotting.
((You have a pair of small antennae on your head.))
You have an increased reservoir of magic. (+10% MP)
Potions are less effective at restoring your health.


Message History

You miss something.
Something hits you but does no damage. x2
You miss something.
Something hits you but does no damage. x2
You closely miss something.
Something hits you but does no damage. x2
You closely miss something. Something hits you but does no damage.
You closely miss something. Something hits you but does no damage.
You hear some strange, mumbled words.
A magic dart appears from out of thin air!
The magic dart hits you but does no damage.
You miss something.
You hear some strange, mumbled words.
A puff of frost appears from out of thin air!
You block the puff of frost.
You hear some strange, mumbled words.
A magic dart appears from out of thin air!
The magic dart hits you but does no damage.
You sock something!
You hear some strange, mumbled words.
A magic dart appears from out of thin air!
The magic dart hits you.
You die...

##..##.####.### #.#
...............###.#
##.#.#.####.##.#...#
##.....# #.###
.###.### #.#
.###.#### #.#
........# # #.#
.###.##.###.##.#.#
.# #... .......{♣#
.# ####.###.##.))#
.# # #...# .# .....#
.# .....## . ###...
#... #...


There were no monsters in sight!

Vanquished Creatures
  An orc priest (D:3)
  Natasha (thrice) (D:2)
  3 adders (D:2)
  2 leopard geckos (D:2)
  2 orcs (D:3)
  3 bats
  3 giant cockroaches (D:3)
  7 goblins
  3 hobgoblins
  6 jackals (D:2)
  3 frilled lizards
  5 kobolds
  7 rats
48 creatures vanquished.

Notes
Turn   | Place    | Note
-------+----------+-------------------------------------------
     0 | D:1      | tevo3000 the Gargoyle Fighter began the quest for the Orb.
     0 | D:1      | Reached XP level 1. HP: 14/14 MP: 1/1
   267 | D:1      | Reached XP level 2. HP: 18/19 MP: 2/2
   709 | D:2      | Noticed Natasha
   718 | D:2      | Reached XP level 3. HP: 22/23 MP: 3/3
   727 | D:2      | Killed Natasha
   770 | D:2      | Reached XP level 4. HP: 24/28 MP: 4/4
   819 | D:2      | Noticed Natasha
   840 | D:2      | Killed Natasha
   844 | D:2      | Noticed Natasha
   860 | D:2      | Killed Natasha
   860 | D:2      | Reached XP level 5. HP: 16/32 MP: 5/5
  1498 | D:3      | Found a shimmering blue altar of Sif Muna.
  1599 | D:3      | Gained mutation: Potions are less effective at restoring
                  | your health. [potion of mutation]
  1599 | D:3      | Gained mutation: You are robust. (+10% HP) [potion of
                  | mutation]
  1599 | D:3      | Gained mutation: You expend magic power (3 MP) to
                  | strengthen your wands. [potion of mutation]
  1599 | D:3      | Gained mutation: Your flesh is cold resistant. (rC+)
                  | [potion of mutation]
  1600 | D:3      | Lost mutation: You expend magic power (3 MP) to strengthen
                  | your wands. [potion of mutation]
  1600 | D:3      | Lost mutation: Your flesh is cold resistant. (rC+) [potion
                  | of mutation]
  1600 | D:3      | Lost mutation: You are robust. (+10% HP) [potion of
                  | mutation]
  1600 | D:3      | Gained mutation: You have an increased reservoir of magic.
                  | (+10% MP) [potion of mutation]
  1600 | D:3      | Gained mutation: You have a pair of small antennae on your
                  | head. [potion of mutation]
  1630 | D:3      | HP: 1/32 [orc priest/nerve-wracking pain (6)]
  1643 | D:3      | HP: 2/48 [something (1)]
  1653 | D:3      | Killed from afar by an orc wizard

Levels and vault maps discovered:
D:1:      minmay_arrival_stone_box, layout_loops_ring
D:2:      layout_basic, uniq_natasha
D:3:      layout_loops_ring, lemuel_doored_altar

Skill      XL: |  1  2  3  4 |
---------------+-------------+-----
Maces & Flails | 3 4 |  4.7
Armour         | 4 |  4.6
Fighting       | |  3.2
Shields        | |  3.2

Action                   |  1- 3 |  4- 6 || total
-------------------------+-------+-------++-------
Melee: Flail             |    83 |   107 ||   190
  Use: Potion            |       |     9 ||     9
  Eat: Ration            |       |     1 ||     1
Armor: Scale mail        |    73 |    58 ||   131
       Skin              |       |    28 ||    28
Dodge: Dodged            |    27 |    36 ||    63
Block: Shield            |    42 |    51 ||    93
